 Dungeon Crawl Stone Soup version 0.18.1-47-g9310371 (webtiles) character file.

96 Woazn the Chopper (level 4, 27/39 HPs)
             Began as a Hill Orc Fighter on June 21, 2016.
             Starved to death
             ... on level 3 of the Dungeon.
             The game lasted 00:03:59 (1874 turns).

Woazn the Chopper (Hill Orc Fighter)                Turns: 1874, Time: 00:04:00

Health: 27/39      AC:  6    Str: 18    XL:     4   Next: 67%
Magic:  4/4        EV:  7    Int:  8    God:
Gold:   110        SH:  9    Dex: 11    Spells: 0 memorised, 3 levels left

rFire  . . .     SeeInvis .     a - +0 war axe
rCold  . . .     Gourm    .     b - +0 scale mail
rNeg   . . .     Faith    .     c - +0 shield
rPois  .         Spirit   .     (no helmet)
rElec  .         Dismiss  .     (no cloak)
rCorr  .         Reflect  .     (no gloves)
SustAt .         Harm     +     (no boots)
MR     .....                    k - amulet of harm
Stlth  ..........               (no ring)
                                (no ring)

@: fainting, not resistant to hostile enchantments, extremely unstealthy
A: no striking features
a: no special abilities


You were on level 3 of the Dungeon.
You were fainting.

You visited 1 branch of the dungeon, and saw 3 of its levels.

You collected 110 gold pieces.

Inventory:

Hand Weapons
 a - a +0 war axe (weapon)
Armour
 b - a +0 scale mail (worn)
 c - a +0 shield (worn)
Jewellery
 k - an amulet of harm (around neck)
Scrolls
 e - a scroll of remove curse
 g - a scroll of teleportation
 l - 2 scrolls of fear
Potions
 d - a potion of might
 j - 2 potions of magic


   Skills:
 - Level 3.6 Fighting
 + Level 6.2 Axes
 - Level 3.2 Armour
 - Level 3.2 Shields


You had 3 spell levels left.
You didn't know any spells.

Dungeon Overview and Level Annotations

Branches:
Dungeon (3/15)

Altars:
Fedhas
Ru


Message History

You closely miss the hungry ghost.
The hungry ghost is severely damaged.
You lose consciousness!
The hungry ghost barely misses you. The hungry ghost hits you.
You feel slightly more hungry. The hungry ghost hits you.
You feel slightly more hungry. The hungry ghost hits you.
You feel slightly more hungry. The hungry ghost hits you.
You feel slightly more hungry. The hungry ghost hits you.
You feel slightly more hungry. The hungry ghost hits you.
You feel slightly more hungry. The hungry ghost hits you.
You feel slightly more hungry. The hungry ghost hits you.
You feel slightly more hungry. The hungry ghost hits you.
You feel slightly more hungry. The hungry ghost hits you.
The hungry ghost hits you.
You can move again.
Unknown command.
Unknown command.
You have starved to death.
You die...

#.# #.# ... #. #.#
###.#####># #W#
#.......## ### #.#
#......... ..# #.#
.........###.# #.#
#............# #†#
#......W.##..####.#
........<@........#
..#....###..######
##.#.###..#
#....##..#
##.....#..#
#.........#
............#
#.#........##
#.##.....#.#


You could see a hungry ghost.

Vanquished Creatures
  4 adders
  An ooze (D:1)
  3 worms (D:2)
  A dart slug (D:1)
  A giant gecko (D:2)
  A giant cockroach (D:2)
  4 goblins
  8 hobgoblins
  4 jackals
  A ball python (D:3)
  5 bats
  4 kobolds
  9 rats
46 creatures vanquished.

Notes
Turn   | Place    | Note
--------------------------------------------------------------
     0 | D:1      | Woazn the Hill Orc Fighter began the quest for the Orb.
     0 | D:1      | Reached XP level 1. HP: 19/19 MP: 1/1
    17 | D:1      | Reached skill level 3 in Axes
   136 | D:1      | Reached XP level 2. HP: 15/26 MP: 2/2
   294 | D:1      | Reached skill level 4 in Axes
   855 | D:2      | Reached XP level 3. HP: 31/31 MP: 3/3
   918 | D:2      | Reached skill level 5 in Axes
  1236 | D:2      | Reached XP level 4. HP: 25/39 MP: 4/4
  1468 | D:2      | Found a sacrificial altar of Ru.
  1468 | D:2      | Found a blossoming altar of Fedhas.
  1521 | D:2      | Reached skill level 6 in Axes
  1763 | D:3      | Noticed a hungry ghost
  1862 | D:3      | Paralysed by fainting for 12 turns
  1874 | D:3      | Starved to death

Skill      XL: |  1  2  3  4 |
---------------+-------------+-----
Axes           | 3 4 5 6 |  6.2
Fighting       | |  3.6
Armour         | |  3.2
Shields        | |  3.2

Action                   |  1- 3 |  4- 6 || total
-------------------------+-------+-------++-------
Melee: War axe           |    96 |    91 ||   187
  Use: Scroll            |     6 |     1 ||     7
  Eat: Chunk             |     1 |     3 ||     4
       Bread ration      |       |     1 ||     1
       Royal jelly       |       |     1 ||     1
Armor: Scale mail        |    37 |    50 ||    87
Dodge: Dodged            |    38 |    33 ||    71
Block: Shield            |    45 |    35 ||    80
